 Dungeon Crawl Stone Soup version 0.28-a0-1344-g6b9ff3a05d (webtiles) character file.

Game seed: 11288498259382308606

49 Deminshera the Shooter (level 3, -5/22 HPs)
             Began as a Deep Elf Hunter on Dec 29, 2021.
             Slain by a gnoll (8 damage)
             ... on level 1 of the Dungeon.
             The game lasted 00:02:55 (1770 turns).

Deminshera the Shooter (Deep Elf Hunter)            Turns: 1770, Time: 00:02:55

Health: -5/22      AC:  3    Str: 11    XL:     3   Next: 53%
Magic:  5/5        EV: 12    Int: 15    God:
Gold:   74         SH:  0    Dex: 15    Spells: 2/2 levels left

rFire   . . .      SeeInvis .   a - +1 shortbow
rCold   . . .      Faith    .   (shield currently unavailable)
rNeg    . . .      Spirit   .   c - +0 leather armour
rPois   .          Reflect  .   (no helmet)
rElec   .          Harm     .   (no cloak)
rCorr   .          Rampage  .   (no gloves)
Will    .....                   (no boots)
Stlth   +.........              (no amulet)
HPRegen 0.07/turn               (no ring)
MPRegen 0.09/turn               (no ring)

@: silenced
A: no striking features
a: no special abilities


You were on level 1 of the Dungeon.
You visited 1 branch of the dungeon, and saw 2 of its levels.

You collected 74 gold pieces.

Inventory:

Hand Weapons
 a - a +1 shortbow (weapon)
 b - a +0 short sword
Missiles
 d - 24 arrows (quivered ammo)
 g - 17 poisoned darts (quivered)
Armour
 c - a +0 leather armour (worn)
Jewellery
 h - a ring of fire
Scrolls
 f - a scroll of identify {unknown}


   Skills:
 * Level 2.3 Fighting
 + Level 5.6 Bows
 - Level 2.4 Dodging
 * Level 3.1 Stealth


You had 2 spell levels left.
You didn't know any spells.
Your spell library was empty.

Dungeon Overview and Level Annotations

Branches:
Dungeon (2/15)

Altars:


Message History

There is a stone staircase leading up here.
Throw: 18 darts (poison)
Press: ? - help, Q - select action, (/) - cycle Shift-Dir - straight line, f/p - gnoll
Aim: a gnoll, wielding a +0 flail (severely wounded, 63% to hit)
You throw a poisoned dart.
The poisoned dart closely misses the gnoll.
The poisoned dart hits the gnoll.
The gnoll is poisoned.
The gnoll is severely wounded.
You hear a splash.
You climb upwards.
There is a stone staircase leading down here.
You start resting.
HP restored.
You start waiting.
Done waiting.
You climb downwards.
The gnoll hits you with a +0 whip. The gnoll closely misses you.
The gnoll hits you with a +0 whip.
The gnoll shouts!
There is a stone staircase leading up here.
The gnoll barely misses you. The gnoll closely misses you.
The gnoll hits you with a +0 whip.
You climb upwards.
There is a stone staircase leading down here.
You aren't carrying any potions.
As you read the scroll labelled JOIFAHI WEITEU, it crumbles to dust.
A profound silence engulfs you.
It was a scroll of silence.
The gnoll closely misses you. The gnoll hits you with a +0 flail.
* * * LOW HITPOINT WARNING * * *
The gnoll hits you with a +0 whip.
* * * LOW HITPOINT WARNING * * *
Magic scrolls do not work when you're silenced!
Unknown command.
Really attack while wielding your +1 shortbow? [Y]es or [N]o only, please.
Really attack while wielding your +1 shortbow? [Y]es or [N]o only, please.
Really attack while wielding your +1 shortbow?
You barely miss the gnoll. The gnoll closely misses you.
The gnoll hits you with a +0 flail!
You die...

.#.###.###............####.#
.#[##...##.###..####.......#
.#.#.....#>###..# #..######
.#..............# #..#
...........###.## #..#
##.##...#### #.# #.##
#.###.## #.# #.# #.# #.#
#.#####.# #.# #.## #.g@g...#
##.###..######.g####.#
#.................##.#
......#.#.#####.#.##.#
#...#)....# #.#.##.#
...##.#.#.#####....#.#
..###.....##.........# #.#
#..#####..###..### #.#
##.#......# #.##


You could see 3 gnolls.

Vanquished Creatures
  An adder (D:2)
  3 dart slugs (D:2)
  An endoplasm (D:2)
  3 giant cockroaches
  4 goblins
  2 hobgoblins (D:2)
  4 jackals (D:2)
  A quokka (D:2)
  6 ball pythons
  A bat (D:2)
  2 frilled lizards (D:1)
  2 kobolds (D:2)
  3 rats (D:1)
33 creatures vanquished.

Notes
Turn   | Place    | Note
-------+----------+-------------------------------------------
     0 | D:1      | Deminshera the Deep Elf Hunter began the quest for the Orb.
     0 | D:1      | Reached XP level 1. HP: 12/12 MP: 3/3
   334 | D:1      | Reached XP level 2. HP: 17/17 MP: 4/4
   999 | D:2      | Reached XP level 3. HP: 21/21 MP: 5/5
  1481 | D:2      | Found a faded altar of an unknown god.
  1770 | D:1      | Slain by a gnoll

Illustrated notes

Levels and vault maps discovered:
D:1:      minmay_arrival_solitary_statue, layout_loops_ring, serial_glass,
          glass_columns_b, glass_columns_a, chequers_jeans,
          minmay_misc_feat_cross
D:2:      layout_loops_ring, chequers_ecumenical_altar_island

Skill      XL: |  1  2  3 |
---------------+----------+-----
Stealth        | 2 3 |  3.1
Fighting       | 2 |  2.3
Bows           | |  5.6
Dodging        | |  2.4

Action                   || total
-------------------------++-------
Melee: Shortbow          ||     1
 Fire: Shortbow          ||    73
Throw: Dart              ||    10
  Use: Scroll            ||     1
Armor: Leather armour    ||     2
Dodge: Dodged            ||    15

Table legend: (Time is in decaauts)
 A = Elapsed time spent in this place.
 B = Non-inter-level travel time spent in this place.
 C = Inter-level travel time spent in this place.
 D = Time resting spent in this place.
 E = Time spent auto-exploring this place.
 F = Levels seen in this place.
 G = Mean time per level.
                   A        B        C        D        E       F      G
               +--------+--------+--------+--------+--------+-----+--------+
         Total |   1777 |   1695 |     82 |    597 |    898 |   2 |  888.5 |
       Dungeon |   1777 |   1695 |     82 |    597 |    898 |   2 |  888.5 |
               +--------+--------+--------+--------+--------+-----+--------+

Top non-repeatable levels by time:
     D:1: 1007 daAuts
     D:2: 769 daAuts
